 Dungeon Crawl Stone Soup version 0.25.1-2-g60ff931df9 (webtiles) character file.

Game seed: 12186504795815498399

119850 Divind the Executioner (level 16, -7/157 HPs)
             Began as a Hill Orc Monk on Sept 18, 2020.
             Was the Champion of Beogh.
             Mangled by a guardian serpent (17 damage)
             ... on level 4 of the Snake Pit on Sept 19, 2020.
             The game lasted 02:31:44 (26252 turns).

Divind the Executioner (Hill Orc Monk)             Turns: 26252, Time: 02:31:45

Health: -7/157     AC: 23    Str: 27    XL:     16   Next: 80%
Magic:  16/18      EV: 14    Int: 10    God:    Beogh [******]
Gold:   793        SH:  5    Dex: 17    Spells: 15/15 levels left

rFire    . . .     SeeInvis .   h - +9 battleaxe of Honour {vamp, rC+ rN+}
rCold    + . .     Gourm    .   (shield currently unavailable)
rNeg     + . .     Faith    .   t - +1 chain mail of Zeikacraful {MR+ Dex+4}
rPois    .         Spirit   .   J - +0 helmet
rElec    .         Reflect  +   (no cloak)
rCorr    .         Harm     .   w - +0 pair of gloves
MR       ++...                  p - +0 pair of boots
Stlth    ..........             e - amulet of reflection
HPRegen  0.36/turn              o - +6 ring of strength
MPRegen  0.16/turn              M - +4 ring of protection

@: lethally poisoned (-7 -> -8), recalling
A: walk on water
a: Smiting, Stop Recall, Give Item to Named Follower, Resurrection, Renounce
Religion


You were on level 4 of the Snake Pit.
You worshipped Beogh.
Beogh was exalted by your worship.
You were not hungry.

You visited 5 branches of the dungeon, and saw 28 of its levels.
You also visited: Ossuary.

You collected 2427 gold pieces.
You spent 1634 gold pieces at shops.

Inventory:

Hand Weapons
 a - a +0 hand axe
 f - a +2 vorpal war axe
 h - the +9 battleaxe of Honour (weapon) {vamp, rC+ rN+}
   (You bought it in a shop on level 2 of the Orcish Mines)

   It inflicts no extra harm, but heals its wielder when it wounds a living foe.
   It protects you from cold.
   It protects you from negative energy.
 l - a +2 vampiric war axe
 m - a +2 demon blade of venom
 v - a +0 war axe
 F - a +0 battleaxe
 Z - a +2 war axe of electrocution
Armour
 p - a +0 pair of boots (worn)
 t - the +1 chain mail of Zeikacraful (worn) {MR+ Dex+4}
   (You found it on level 1 of the Swamp)

   It affects your dexterity (+4).
   It affects your resistance to hostile enchantments.
 w - a +0 pair of gloves (worn)
 J - a +0 helmet (worn)
Jewellery
 e - an amulet of reflection (around neck)
 o - a +6 ring of strength (left hand)
 M - a +4 ring of protection (right hand)
 U - an uncursed ring of protection from cold
Wands
 j - a wand of acid (7)
 k - a wand of digging (8)
 y - a wand of flame (14)
 D - a wand of disintegration (21)
 R - a wand of iceblast (4)
Scrolls
 b - 3 scrolls of teleportation
 d - a scroll of torment {unknown}
 i - 9 scrolls of remove curse
 n - a scroll of summoning {unknown}
 B - 3 scrolls of vulnerability
 C - 7 scrolls of magic mapping
 G - 5 scrolls of enchant armour
 O - a scroll of blinking
 Q - 2 scrolls of enchant weapon
 Y - 10 scrolls of identify
Potions
 g - 8 potions of flight
 s - 3 potions of curing
 x - 2 potions of cancellation
 z - 6 potions of might
 K - a potion of ambrosia
 T - 2 potions of haste
 V - a potion of resistance
Comestibles
 c - 41 rations
 q - a chunk of flesh


   Skills:
 + Level 18.0 Fighting
 + Level 21.2 Axes
 + Level 16.0 Armour
 + Level 7.2 Dodging
 - Level 3.0 Stealth
   Level 4.8 Shields
 - Level 3.2 Invocations
 + Level 0.4 Evocations


You had 15 spell levels left.
You didn't know any spells.
Your spell library contained the following spells:

 Spells                   Type           Power        Failure   Level  Hunger
 Corona                   Hex            #......      78%         1    ##.....
 Magic Dart               Conj           #...         78%         1    ##.....
 Sandblast                Erth           #.....       78%         1    ##.....
 Shock                    Conj/Air       #...         78%         1    ##.....
 Blink                    Tloc           N/A          89%         2    ###....
 Call Imp                 Summ           #.......     89%         2    ###....
 Passwall                 Tmut/Erth      #.......     89%         2    ###....
 Slow                     Hex            #.......     89%         2    ###....
 Swiftness                Chrm/Air       #.......     89%         2    ###....
 Conjure Flame            Conj/Fire      #.......     98%         3    ####...
 Inner Flame              Hex/Fire       #.......     98%         3    ####...
 Mephitic Cloud           Conj/Pois/Air  #.......     98%         3    ####...
 Portal Projectile        Hex/Tloc       #.....       98%         3    ####...
 Static Discharge         Conj/Air       #.......     98%         3    ####...
 Stone Arrow              Conj/Erth      #.....       98%         3    ####...
 Airstrike                Air            #.........   100%        4    #####..
 Cause Fear               Hex            #.........   100%        4    #####..
 Leda's Liquefaction      Hex/Erth       #.........   100%        4    #####..
 Petrify                  Tmut/Erth      #.......     100%        4    #####..
 Irradiate                Conj/Tmut      #.........   100%        5    ######.
 Lee's Rapid Deconstruct  Erth           #.........   100%        5    ######.
 Lightning Bolt           Conj/Air       #.........   100%        5    ######.
 Hydra Form               Tmut           #.........   100%        6    #######
 Statue Form              Tmut/Erth      #........    100%        6    #######
 Dragon Form              Tmut           #.........   100%        7    #######


Dungeon Overview and Level Annotations

Branches:
Dungeon (15/15)            Temple (0/1) D:7            Lair (4/6) D:9
  Swamp (3/4) Lair:2        Snake (4/4) Lair:2          Orc (2/2) D:10
    Elf (0/3) Orc:2        Vaults (0/5) D:13         Depths (0/5) D:15
Ossuary (visited)

Altars:
Ashenzari
Cheibriados
Dithmenos
Elyvilon
Gozag
Nemelex Xobeh
Ru
Sif Muna
Trog
Vehumet
Wu Jian
Xom
Yredelemnul
The Shining One
Beogh

Shops:
D:5 (   D:10 !   D:11 (   Orc:2 ?(!=   Snake:2 (*

Annotations:
D:9 2 runed translucent doors
D:10 2 transporters, BrickInstitution's ghost, novice DsBe
Lair:2 2 transporters, exclusion: oklob plant, Reosoewu's ghost, journeyman GrFi
Orc:1 2 runed translucent doors, exclusion: orange crystal statue


Message History

The naga sharpshooter magically shoots an arrow.
The arrow hits you.
* * * LOW HITPOINT WARNING * * *
The naga sharpshooter unwields a +0 battleaxe.
The naga sharpshooter wields a +0 arbalest.
The naga sharpshooter mumbles some strange words.
The naga sharpshooter magically shoots a bolt.
The bolt hits you but does no damage. The guardian serpent barely misses you.
You hear a shout!
You barely miss the naga sharpshooter.
The naga sharpshooter is heavily wounded.
You barely miss the naga. You closely miss the guardian serpent.
Your orc knight is recalled.
You feel sick.
Your orc knight no longer looks unusually strong.
The naga loses its grip on you.
Alork roars a battlecry!
Your orc knights go into a battle-frenzy!
The guardian serpent hits you!
You die...

oo##
#...ooooo...##
#.. #oo#
##.oooooo)o..#
#.. #..#
#########....#
### ##.#
###)ooooo.)...##
# ..
##..).oo†o†..###
#.#
#..ooo########
#. #.ooo### .#
##ooooS#### ####
.. ##oo@NNS.#
#... ##..SNN..#
#... ####N..##
#..o NN..# ##..
..... #.. ⌠...%
#.. .... #.o
.8.. ##o. #o##


You could see a nagaraja (fast), 2 naga sharpshooters, an anaconda, a guardian
serpent, a black mamba, 2 naga magi, 2 nagas, the friendly Borgk the orc warlord
(strong), 6 friendly orc knights, the friendly Alork the orc knight (strong),
the friendly Gorg the orc knight (strong), the friendly Olfik the orc knight
(strong) and a friendly orc warrior (strong).

Vanquished Creatures
  2 nagarajas
  6 naga warriors
  3 alligators
  A centaur warrior (D:14)
  An anaconda (Snake:3)
  2 two-headed ogres
  An orc high priest (Orc:2)
  2 shock serpents
  3 naga sharpshooters
  A salamander mystic (Snake:3)
  A swamp dragon (Swamp:3)
  3 orc knights (Orc:2)
  2 wizards
  2 naga ritualists
  An orc sorcerer (Orc:2)
  A deep elf mage (D:14)
  3 mana vipers
  An elephant (Lair:3)
  3 ugly things (D:15)
  3 salamanders
  2 cyclopes
  13 black mambas
  4 guardian serpents (Snake:4)
  8 naga magi
  Psyche (D:11)
  A centaur zombie (D:14)
  4 spiny frogs
  3 komodo dragons
  A kobold demonologist (D:13)
  2 rime drakes (Lair:4)
  A freezing wraith (D:15)
  A queen bee (Lair:4)
  2 trolls
  A meliai (Lair:4)
  4 hornets
  2 polar bears (Lair:3)
  4 tyrant leeches
  3 bog bodies
  12 slime creatures
  A hippogriff (Lair:2)
  2 wraiths (Ossuary)
  A shadow (Swamp:3)
  2 spriggans (Swamp:2)
  7 yaks
  A basilisk (D:9)
  7 vampire mosquitoes
  A steam dragon (D:8)
  5 insubstantial wisps (Swamp:3)
  An acid dragon (D:14)
  20 nagas
  A soldier ant (D:14)
  4 swamp worms
  6 water moccasins
  6 porcupines
  3 black bears (Lair:3)
  A swamp drake (Swamp:3)
  7 orc warriors
  2 ice beasts
  A necrophage (D:7)
  4 sky beasts
  A phantom (D:6)
  2 wolves (Lair:3)
  5 ogres
  A boggart (D:14)
  6 centaurs
  4 crocodiles
  2 big kobolds
  6 bullfrogs
  Blork the orc (D:4)
  A wyvern skeleton (D:7)
  2 scorpions
  A water moccasin skeleton (D:5)
  25 killer bees
  7 wights
  A crimson imp (D:8)
  A howler monkey (D:6)
  A lava snake (D:12)
  6 hounds
  2 bullfrog zombies
  3 orc priests
  5 orc wizards
  A bullfrog skeleton (D:5)
  2 iguanas
  8 worker ants
  2 hound zombies
  A mummy (D:5)
  A worker ant zombie (D:6)
  11 adders
  A river rat (Lair:4)
  2 shadow imps
  3 oozes
  2 adder zombies
  2 worms
  3 dart slugs
  4 leopard geckos
  14 orcs
  8 bats
  4 giant cockroaches
  8 hobgoblins
  10 jackals
  16 kobolds
  7 quokkas
  4 ball pythons
  2 ball python skeletons (Ossuary)
  4 frilled lizards
  11 goblins
  A kobold zombie (Ossuary)
  An orc skeleton (Ossuary)
  4 orc zombies
  A quokka zombie (D:9)
  6 rats
421 creatures vanquished.

Vanquished Creatures (collateral kills)
  Mara (Snake:4)
  Jorgrun (Snake:3)
  Asterion (Snake:4)
  Gastronok (D:8)
  Kirke (D:13)
  Roxanne (Swamp:2)
  5 nagarajas
  Aizul (Snake:2)
  Snorg (D:11)
  9 naga warriors
  8 hydras
  A ghost crab (Swamp:3)
  7 anacondas
  3 centaur warriors
  2 ogre magi (D:15)
  A death knight (D:15)
  15 two-headed ogres
  A death yak (Lair:4)
  5 naga sharpshooters
  6 shock serpents
  A skeletal warrior (D:15)
  A salamander mystic (Snake:2)
  3 unseen horrors (D:15)
  A swamp dragon (Swamp:2)
  2 naga ritualists
  A phantasmal warrior (D:15)
  A lindwurm (D:13)
  A necromancer (D:13)
  2 mana vipers
  2 orc sorcerers
  A cyclops (Orc:2)
  3 orc knights (Orc:2)
  A deep elf mage (D:14)
  An ugly thing (D:15)
  5 salamanders
  8 slime creatures
  A manticore (D:13)
  Joseph (D:8)
  2 elephants (Lair:3)
  8 guardian serpents
  2 centaur zombies (D:14)
  Maurice (Orc:2)
  15 black mambas
  A torpor snail (Lair:4)
  7 spiny frogs
  4 naga magi
  A molten gargoyle (D:12)
  A gargoyle (D:14)
  A spiny frog (shapeshifter) (D:15)
  A rime drake (Lair:4)
  3 komodo dragons
  A kobold demonologist (D:15)
  6 trolls
  A freezing wraith (D:15)
  2 meliai (Lair:4)
  2 tengu conjurers (D:13)
  4 tyrant leeches
  3 hornets
  A troll (shapeshifter) (D:13)
  2 polar bears (Lair:3)
  3 bog bodies
  5 blink frogs (Lair:4)
  2 hippogriffs
  A blink frog (shapeshifter) (D:14)
  A dream sheep (Lair:4)
  2 shadows (Swamp:2)
  4 wraiths
  4 spriggans
  4 wyverns
  A hog (D:13)
  8 vampire mosquitoes
  3 basilisks
  27 yaks
  A steam dragon (D:13)
  2 hungry ghosts
  16 nagas
  8 wargs (Orc:2)
  12 water moccasins
  2 swamp drakes
  14 orc warriors
  4 porcupines
  2 ice beasts
  2 black bears (Lair:3)
  A sky beast (D:14)
  2 wolves
  4 boggarts (D:14)
  3 phantoms
  9 ogres
  6 centaurs
  5 crocodiles
  3 bullfrogs
  A wyvern zombie (D:13)
  A scorpion (D:14)
  25 killer bees
  An electric eel (Lair:2)
  A hound (D:13)
  A bullfrog zombie (D:10)
  2 crimson imps
  A quasit (D:10)
  3 centaur skeletons
  5 orc priests
  2 bullfrog skeletons
  9 orc wizards
  A hell rat (Lair:4)
  An iguana (D:9)
  4 worker ants
  A hound skeleton (D:8)
  A worker ant zombie (D:7)
  2 adders
  A shadow imp (D:8)
  3 leopard geckos
  19 orcs
  A giant cockroach (D:8)
  A jackal (D:9)
  A quokka (D:10)
  2 bushes (D:9)
  3 fungi
  6 plants
436 creatures vanquished.

Vanquished Creatures (others)
  3 orc warlords
  8 orc knights
  2 orc sorcerers
  2 humans (D:13)
  32 orc warriors
  An orc priest (Swamp:2)
  17 orc wizards
  78 orcs
  2 bushes (D:9)
  7 fungi
  16 plants
168 creatures vanquished.

Grand Total: 1025 creatures vanquished

Notes
Turn   | Place    | Note
-------+----------+-------------------------------------------
     0 | D:1      | Divind the Hill Orc Monk began the quest for the Orb.
     0 | D:1      | Reached XP level 1. HP: 19/19 MP: 1/1
    81 | D:1      | Reached XP level 2. HP: 21/27 MP: 2/2
   436 | D:2      | Reached XP level 3. HP: 10/33 MP: 3/3
   899 | D:2      | Reached skill level 1 in Armour
  1029 | D:2      | Reached XP level 4. HP: 39/40 MP: 4/4
  1112 | D:2      | Reached skill level 8 in Axes
  1112 | D:2      | Reached skill level 5 in Dodging
  1112 | D:2      | Reached XP level 5. HP: 53/53 MP: 5/5
  1260 | D:2      | Found a snail-covered altar of Cheibriados.
  1484 | D:3      | Reached skill level 9 in Axes
  1941 | D:3      | Found an opulent altar of Gozag.
  1994 | D:4      | Found a sacrificial altar of Ru.
  2013 | D:4      | Reached XP level 6. HP: 50/61 MP: 6/6
  2221 | D:4      | Became a worshipper of Beogh the Brigand
  2221 | D:4      | Reached * piety under Beogh
  2221 | D:4      | Reached ** piety under Beogh
  2396 | D:4      | Noticed Blork the orc
  2414 | D:4      | Killed Blork the orc
  2446 | D:4      | Found a white marble altar of Elyvilon.
  2615 | D:5      | Entered Level 5 of the Dungeon
  2644 | D:5      | Found a sparkling altar of Nemelex Xobeh.
  2717 | D:5      | Found a sand-covered staircase.
  2731 | Ossuary  | Entered an ossuary
  2787 | Ossuary  | Reached XP level 7. HP: 68/68 MP: 7/7
  2910 | Ossuary  | Noticed a wraith
  2910 | Ossuary  | Noticed a flying skull
  2917 | Ossuary  | Noticed a flying skull
  2945 | Ossuary  | Noticed a flying skull
  2952 | Ossuary  | Noticed a wraith
  2962 | Ossuary  | Killed a wraith
  2972 | Ossuary  | Noticed a flying skull
  2985 | Ossuary  | Reached skill level 10 in Axes
  2999 | Ossuary  | Noticed a wraith
  3022 | Ossuary  | Killed a wraith
  3088 | Ossuary  | Reached XP level 8. HP: 75/75 MP: 8/8
  3313 | D:5      | Found a shimmering altar of Xom.
  3427 | D:5      | Found Haunud's Antique Weapon Emporium.
  3974 | D:1      | Found a sparkling altar of Nemelex Xobeh.
  4472 | D:6      | Reached *** piety under Beogh
  4519 | D:6      | Found a shimmering blue altar of Sif Muna.
  4635 | D:6      | Found a radiant altar of Vehumet.
  4682 | D:6      | Found an ornate altar of the Wu Jian Council.
  4712 | D:6      | Reached skill level 11 in Axes
  4871 | D:6      | Reached XP level 9. HP: 33/82 MP: 9/9
  4947 | D:6      | Found a shattered altar of Ashenzari.
  6020 | D:7      | Found a shadowy altar of Dithmenos.
  6233 | D:7      | Found a staircase to the Ecumenical Temple.
  6563 | D:8      | Noticed Gastronok
  6575 | D:8      | Killed Gastronok
  6575 | D:8      | Reached skill level 12 in Axes
  6575 | D:8      | Reached XP level 10. HP: 16/93 MP: 10/10
  6766 | D:8      | Noticed Joseph
  6779 | D:8      | Killed Joseph
  6779 | D:8      | Reached skill level 10 in Fighting
  6923 | D:8      | Noticed a cyclops
  6937 | D:8      | Found a glowing golden altar of the Shining One.
  6941 | D:8      | Reached **** piety under Beogh
  7030 | D:8      | You fall into a shaft and drop 2 floors!
  7030 | D:10     | Entered Level 10 of the Dungeon
  7034 | D:9      | Found a runed translucent door.
  7034 | D:9      | Noticed an ice dragon
  7034 | D:9      | Noticed an ice dragon
  7034 | D:9      | Noticed a fire dragon
  7035 | D:9      | Found the +2 shield of Resistance {rF+ rC+ MR+}
  7040 | D:9      | Noticed a fire dragon
  7147 | D:9      | Reached skill level 13 in Axes
  7277 | D:8      | Killed a cyclops
  7950 | D:9      | Found a basalt altar of Yredelemnul.
  8082 | D:9      | Noticed a two-headed ogre
  8087 | D:9      | Killed a two-headed ogre
  8115 | D:9      | Reached ***** piety under Beogh
  8220 | D:9      | Noticed a two-headed ogre
  8233 | D:9      | Reached skill level 14 in Axes
  8241 | D:9      | Killed a two-headed ogre
  8241 | D:9      | Reached XP level 11. HP: 55/101 MP: 11/11
  8255 | D:9      | HP: 5/101 [basilisk (11)]
  8378 | D:9      | Found a staircase to the Lair.
  8571 | D:9      | Found a runed translucent door.
  8804 | D:10     | Noticed a two-headed ogre
  8805 | D:10     | Noticed a two-headed ogre
  8806 | D:10     | Identified the +10 long sword of Biaca Comp {freeze,
                  | *Corrode rPois rF+ MP+9}
  8806 | D:10     | Noticed a tengu warrior
  8806 | D:10     | Noticed a moth of wrath
  8816 | D:10     | Found a transporter.
  8827 | D:10     | Noticed BrickInstitution's ghost (novice DsBe)
  8901 | D:10     | Found a transporter.
  8902 | D:10     | Found a bloodstained altar of Trog.
  8937 | D:10     | Found Megg's Distillery.
  8940 | D:10     | Bought a potion of heal wounds for 60 gold pieces
  8940 | D:10     | Bought a potion of heal wounds for 60 gold pieces
  8944 | D:10     | Found a staircase to the Orcish Mines.
  9018 | D:10     | Gained Morguth as an ally
  9411 | D:11     | Noticed Snorg
  9421 | D:11     | Killed Snorg
  9421 | D:11     | Reached skill level 15 in Axes
  9588 | D:11     | Noticed Psyche
  9599 | D:11     | Killed Psyche
  9646 | D:11     | Found Liol's Antique Weapon Shop.
  9798 | D:11     | Noticed an eight-headed hydra
  9807 | D:11     | Killed a 12-headed hydra
  9869 | D:11     | Noticed a two-headed ogre
  9876 | D:11     | Killed a two-headed ogre
  9897 | D:11     | Found a roughly hewn altar of Beogh.
  9907 | D:11     | Gained Arbeogh as an ally
  9978 | D:11     | Noticed a two-headed ogre
  9991 | D:11     | Killed a two-headed ogre
 10065 | D:11     | Noticed a two-headed ogre
 10074 | D:11     | Killed a two-headed ogre
 10168 | D:11     | Noticed a six-headed hydra
 10174 | D:11     | Your ally Morguth died
 10176 | D:11     | Killed a ten-headed hydra
 10176 | D:11     | Reached skill level 10 in Armour
 10380 | D:12     | Reached XP level 12. HP: 58/111 MP: 12/12
 10669 | D:13     | Noticed Kirke
 10672 | D:13     | Gained Borgk as an ally
 10679 | D:13     | Killed Kirke
 10679 | D:13     | Reached skill level 16 in Axes
 10679 | D:13     | Reached skill level 1 in Invocations
 10783 | D:13     | Noticed a centaur warrior
 10791 | D:13     | Your ally Borgk died
 10801 | D:13     | Killed a centaur warrior
 11092 | D:13     | Noticed a centaur warrior
 11102 | D:13     | Killed a centaur warrior
 11255 | D:13     | Found a gate to the Vaults.
 11526 | D:14     | Found a shimmering blue altar of Sif Muna.
 11668 | D:14     | Reached ****** piety under Beogh
 11670 | D:14     | Reached skill level 1 in Shields
 11682 | D:14     | Noticed a two-headed ogre
 11682 | D:14     | Noticed a two-headed ogre
 11691 | D:14     | Killed a two-headed ogre
 11699 | D:14     | Noticed a centaur warrior
 11702 | D:14     | Killed a two-headed ogre
 11711 | D:14     | Gained Borgk as an ally
 11992 | D:14     | Noticed a centaur warrior
 12003 | D:14     | Killed a centaur warrior
 12003 | D:14     | Reached XP level 13. HP: 104/122 MP: 14/14
 12323 | D:15     | Entered Level 15 of the Dungeon
 12407 | D:15     | Reached skill level 17 in Axes
 12841 | D:15     | Found a staircase to the Depths.
 13377 | Lair:1   | Entered Level 1 of the Lair of Beasts
 14014 | Lair:2   | Found a staircase to the Snake Pit.
 14121 | Lair:2   | Identified the cursed +0 demon trident of the Dwarven Hall
                  | {distort, rC++}
 14125 | Lair:2   | Found a transporter.
 14129 | Lair:2   | Found a transporter.
 14130 | Lair:2   | Identified the +9 trident "Xoabb" {antimagic, *Slow +Blink
                  | Str+3}
 14130 | Lair:2   | Noticed Reosoewu's ghost (journeyman GrFi)
 14541 | Lair:2   | Found a staircase to the Swamp.
 14911 | Lair:3   | Reached XP level 14. HP: 127/133 MP: 16/16
 15595 | Lair:4   | Identified the cursed +1 chain mail of Bad Feelings {rPois
                  | Int+3 Dex+2 Stlth+}
 15599 | Lair:4   | Reached skill level 18 in Axes
 15629 | Lair:4   | Gained Garbold as an ally
 16380 | Lair:4   | Reached skill level 15 in Fighting
 16385 | Lair:4   | Your ally Garbold died
 16791 | Lair:2   | Found a bloodstained altar of Trog.
 16898 | Orc:1    | Entered Level 1 of the Orcish Mines
 17008 | Orc:1    | Found a runed translucent door.
 17013 | Orc:1    | Found the +10 tower shield of Ignorance {rN+ Int-4}
 17033 | Orc:1    | Found a runed translucent door.
 17174 | Orc:2    | Entered Level 2 of the Orcish Mines
 17180 | Orc:2    | Noticed an orc warlord
 17183 | Orc:2    | Gained Wulfoc as an ally
 17218 | Orc:2    | Found a staircase to the Elven Halls.
 17250 | Orc:2    | Gained Olfik as an ally
 17254 | Orc:2    | Found Paogero's Magic Scroll Boutique.
 17255 | Orc:2    | Found Eneoriq's Antique Weapon Emporium.
 17303 | Orc:2    | Found Nasal's Distillery.
 17303 | Orc:2    | Found Oqit's Jewellery Emporium.
 17319 | Orc:2    | Noticed Maurice
 17336 | Orc:2    | Killed Maurice
 17532 | Orc:2    | Bought an uncursed amulet of reflection for 390 gold pieces
 17682 | Orc:2    | Bought a dazzling battleaxe for 253 gold pieces
 17682 | Orc:2    | Bought a slimy war axe for 187 gold pieces
 17682 | Orc:2    | Identified the +7 war axe of the Final Decision {drain,
                  | *Drain rPois rN++ Int+4} (You bought it in a shop on level
                  | 2 of the Orcish Mines)
 17688 | Orc:2    | Identified the +9 battleaxe of Honour {vamp, rC+ rN+} (You
                  | bought it in a shop on level 2 of the Orcish Mines)
 17869 | Orc:2    | Found a roughly hewn altar of Beogh.
 18188 | Swamp:1  | Entered Level 1 of the Swamp
 18795 | Swamp:1  | Got an ancient chain mail
 18806 | Swamp:1  | Identified the cursed +1 chain mail of Zeikacraful {MR+
                  | Dex+4} (You found it on level 1 of the Swamp)
 19204 | Swamp:2  | Identified Roxanne's Handbook of the Mountains
 19204 | Swamp:2  | Noticed Roxanne
 19224 | Swamp:2  | Killed Roxanne
 19528 | Swamp:2  | Paralysed by a hornet for 1 turns
 19533 | Swamp:2  | Reached XP level 15. HP: 124/143 MP: 17/17
 19639 | Swamp:2  | Reached skill level 19 in Axes
 20132 | Swamp:2  | You fall into a shaft and drop 1 floor!
 20150 | Swamp:3  | Gained Gorg as an ally
 20706 | Snake:1  | Entered Level 1 of the Snake Pit
 21485 | Snake:1  | Gained Alork as an ally
 21734 | Snake:2  | Noticed a nagaraja
 21735 | Snake:2  | Noticed a nagaraja
 21735 | Snake:2  | Noticed a nagaraja
 21741 | Snake:2  | Killed a nagaraja
 21742 | Snake:2  | Your ally Wulfoc died
 21743 | Snake:2  | Killed a nagaraja
 21748 | Snake:2  | Killed a nagaraja
 22058 | Snake:2  | Reached skill level 20 in Axes
 22342 | Snake:2  | Noticed Aizul
 22350 | Snake:2  | Killed Aizul
 22581 | Snake:2  | Found Inakez's General Store.
 22581 | Snake:2  | Found Waubaar's Antique Weapon Emporium.
 22737 | Snake:2  | Bought a glowing lajatang for 684 gold pieces
 22863 | Snake:3  | Gained Horkud as an ally
 23250 | Snake:3  | Reached skill level 15 in Armour
 23316 | Snake:3  | Reached XP level 16. HP: 104/155 MP: 18/18
 23521 | Snake:3  | Noticed Jorgrun
 23528 | Snake:3  | HP: 7/155 [Jorgrun/iron shot (63)]
 23531 | Snake:3  | Killed Jorgrun
 24321 | Snake:3  | Noticed a nagaraja
 24328 | Snake:3  | Killed a nagaraja
 24701 | Snake:3  | Noticed a nagaraja
 24710 | Snake:3  | Killed a nagaraja
 24710 | Snake:3  | Gained Berold as an ally
 25062 | Snake:4  | Entered Level 4 of the Snake Pit
 25089 | Snake:4  | Noticed a nagaraja
 25099 | Snake:4  | Killed a nagaraja
 25220 | Snake:4  | Identified the +2 kite shield of Fun {rElec rF+ Dex+2
                  | Stlth+}
 25220 | Snake:4  | Noticed Asterion
 25227 | Snake:4  | Killed Asterion
 25227 | Snake:4  | Reached skill level 21 in Axes
 25386 | Snake:4  | Noticed Mara
 25388 | Snake:4  | Noticed Divind's illusion
 25401 | Snake:4  | Killed Mara
 26232 | Snake:4  | Your ally Arbeogh died
 26233 | Snake:4  | Noticed a nagaraja
 26237 | Snake:4  | Killed a nagaraja
 26245 | Snake:4  | Noticed a nagaraja
 26247 | Snake:4  | Your ally Berold died
 26252 | Snake:4  | Mangled by a guardian serpent

Illustrated notes

Levels and vault maps discovered:
D:1:      minmay_arrival_radiant_lines, layout_loops_ring,
          nemelex_diamond_rough_becter
D:2:      layout_loops_cross, lemuel_crystal_altar, serial_park_tiny_pond
D:3:      layout_basic, lemuel_coloured_pillars_altar
D:4:      layout_rooms, nicolae_ru_sacrificial_ziggurat, elyvilon_altar_3,
          nrook_uturn, minmay_misc_feat_five, uniq_blork_the_orc
D:5:      minmay_skewed_foursquare, layout_loops_ring, old_standard_altar,
          nicolae_overflow_hidden_temple, nicolae_ossuary_entry_giza,
          serial_shops, nicolae_shop_behind_doors, first_ration
D:6:      layout_basic, kennysheep_mini, lemuel_round_altar, old_standard_altar,
          basic_altar
D:7:      layout_layer_cave, grunt_dithmenos_smoke_and_mirrors, temple_green
D:8:      layout_basic, old_standard_altar, grunt_pizzeria,
          onia_ninara_dug_in_and_dangerous, uniq_gastronok, uniq_joseph
D:9:      layout_roguey [special_room_orc], kennysheep_little_box,
          minmay_lair_entry_grove, minivault_25,
          minmay_guarded_unrand_resistance
D:10:     layout_cross, orc_0_dummy, gammafunk_ghost_wrathful_warriors,
          serial_shops, shop, minivault_26
D:11:     wad_statue_garden, layout_long_grid, serial_shops, shop, special_room
          [special_room_orc], uniq_psyche, uniq_snorg
D:12:     erik_rubicon_a, layout_gridville, ashenzari_altar_1
D:13:     layout_cave_pools, david_vaults_4, uniq_kirke
D:14:     layout_long_grid, lemuel_crystal_altar
D:15:     grunt_enter_depths_magical_seal, layout_cave_pools,
          roderic_roman_lattice
Lair:1:   layout_big_grid, chequers_serial_rivers_marsh, serial_bayou_pond_e
Lair:2:   layout_regular_city, swamp_mist_pool, dummy_snake_entry,
          gammafunk_ghost_wrathful_warriors, minmay_lair_oklob_chamber
Lair:3:   beast_lair_carwin_large_1, layout_gridlike, serial_bayou_pond_c,
          cheibrodos_lair_reptile_den
Lair:4:   regret_index_combs_of_tragedy, layout_misc_corridors,
          minmay_shattered_shrine
Swamp:1:  layout_basic_swamp, evilmike_swamp_ruin_house_5, swamp_pool1
Swamp:2:  layout_basic_swamp, evilmike_swamp_ruin_house_2,
          infiniplex_staircase_pool, uniq_roxanne
Swamp:3:  layout_falls_marsh, nicolae_swamp_godswood, swamp_pool2
Snake:1:  layout_basic, grunt_ministairs_2
Snake:2:  layout_onion_interference, minmay_shoptagon, lemuel_fruit_tree,
          uniq_aizul
Snake:3:  layout_gridlike, uniq_jorgrun
Snake:4:  grunt_snake_rune_serpentine_throne, layout_cave_pods, uniq_mara,
          uniq_asterion
Orc:1:    layout_diamond_mine, chequers_guarded_unrand_ignorance
Orc:2:    st_orc_town, layout_caves, nicolae_orc_lava_room, uniq_maurice

Skill      XL: |  1  2  3  4  5  6  7  8  9 10 11 12 13 14 15 16 |
---------------+-------------------------------------------------+-----
Fighting       | 4 8 9 10 11 13 14 15 17 18 | 18.0
Armour         | 1 6 7 8 10 11 13 14 15 16 | 16.0
Axes           | 8 9 10 11 12 14 15 16 17 18 20 21 | 21.2
Dodging        | 5 6 7 |  7.2
Stealth        | 2 3 |  3.0
Invocations    | 1 3 |  3.2
Shields        | 1 4 |  4.8
Evocations     | |  0.4

Action                   |  1- 3 |  4- 6 |  7- 9 | 10-12 | 13-15 | 16-18 || total
-------------------------+-------+-------+-------+-------+-------+-------++-------
Melee: Hand axe          |   128 |   147 |       |       |       |       ||   275
       War axe           |       |    55 |   218 |   275 |   411 |       ||   959
       Battleaxe         |       |       |    74 |   174 |   292 |   118 ||   658
Invok: Convert to Beogh  |       |     1 |       |       |       |       ||     1
       Recall Orcish Fol |       |       |       |     8 |    14 |     5 ||    27
       Smiting           |       |       |       |     1 |       |       ||     1
       Give Item to Name |       |       |       |       |     4 |     4 ||     8
Evoke: Wand              |       |       |       |     3 |       |       ||     3
  Use: Potion            |     2 |     7 |     3 |     4 |     3 |     3 ||    22
       Scroll            |       |       |     7 |     6 |    10 |       ||    23
 Stab: Distracted        |       |       |     1 |       |    11 |     5 ||    17
  Eat: Chunk             |     1 |     5 |     6 |     7 |    11 |     2 ||    32
       Ration            |       |       |     3 |     3 |     7 |     2 ||    15
Armor: Leather armour    |    43 |       |       |       |       |       ||    43
       Scale mail        |       |    73 |    49 |       |       |       ||   122
       Chain mail        |       |       |    95 |   159 |   170 |    71 ||   495
       Plate armour      |       |       |       |   221 |   400 |       ||   621
Dodge: Dodged            |    81 |   116 |   156 |   314 |   393 |    85 ||  1145
Block: Buckler           |       |       |       |    13 |    35 |       ||    48
       Kite shield       |       |       |       |       |   143 |       ||   143
       Other             |       |       |       |       |    58 |    32 ||    90
       Reflection        |       |       |       |       |     3 |     4 ||     7
